Map: [TLMC19] Crimson King

Players

Wayne (Vanya)

  • Race: Zerg Zerg
  • Spawn Location: 1:00

LiquidCure (Cure) - Winner!

  • Race: Terran Terran
  • Spawn Location: 7:00

VOD

Have the link to the VOD?

Description

Time

  • Played on: Dec. 21, 2023, 6:58 a.m.
  • Length: 10:03
Show
View Real Time Build Order
Export as new Build Order

Wayne Zerg 

Build Orders: Hatch First 

Get SALT Encoding   

  12  0:00  Drone  
  13  0:15  Overlord  
  13  0:17  Drone  
  14  0:34  Drone x2  
  16  0:47  Hatchery  
  15  0:52  Drone  
  15  0:55  Drone  
  17  0:59  Drone  
  18  1:09  Extractor  
  17  1:13  Spawning Pool  
  17  1:16  Drone  
  17  1:20  Drone  
  18  1:31  Drone  
  19  1:41  Drone  
  20  1:54  Drone  
  20  2:00  Queen x2  
  25  2:04  Drone, Overlord  
  26  2:11  Zergling x2  
  26  2:14  Zergling x2  
  28  2:26  Zergling x4  
  28  2:29  Spore Crawler  
  29  2:33  Drone  
  30  2:37  Queen x2  
  34  2:44  Overlord  
  34  2:48  Drone  
  34  2:49  Drone  
  36  3:03  Drone x2  
  38  3:10  Drone x2  
  40  3:17  Overlord  
  40  3:18  Lair  
  40  3:21  Drone x3  
  43  3:28  Overlord  
  43  3:29  Extractor  
  43  3:32  Drone  
  43  3:40  Drone  
  44  3:42  Metabolic Boost  
  44  3:43  Drone  
  44  3:46  Extractor  
  44  3:47  Drone x3, Extractor  
  46  3:50  Drone  
  46  3:51  Drone  
  46  3:52  Drone  
  49  3:59  Drone  
  49  4:02  Drone  
  51  4:04  Drone  
  52  4:16  Hatchery  
  51  4:18  Spire  
  51  4:19  Overseer  
  50  4:24  Drone x2  
  50  4:28  Overlord  
  52  4:34  Drone x2  
  54  4:41  Zergling x8  
  58  4:48  Spine Crawler  
  57  4:57  Zergling x2  
  57  4:58  Overlord  
  58  5:04  Overlord  
  57  5:24  Drone x2, Overlord  
  59  5:30  Mutalisk  
  59  5:31  Mutalisk x6  
  73  5:38  Overlord  
  73  5:42  Drone x2  
  66  5:49  Mutalisk x3  
  70  5:51  Zergling x2  
  70  5:52  Zergling x2  
  72  6:01  Zerg Flyer Weapons Level 1  
  72  6:02  Zergling x6  
  75  6:08  Mutalisk  
  75  6:11  Zergling x4  
  79  6:14  Overlord  
  79  6:18  Mutalisk  
  79  6:22  Overlord  
  81  6:27  Mutalisk  
  83  6:33  Zergling x8  
  83  6:36  Mutalisk  
  89  6:44  Mutalisk  
  91  6:50  Mutalisk  
  80  7:08  Mutalisk x2  
  80  7:10  Zergling x6  
  80  7:11  Zergling x8  
  91  7:23  Mutalisk  
  93  7:33  Mutalisk  
  93  7:36  Zergling x14  
  102  7:39  Overlord  
  102  7:44  Overlord  
  102  7:48  Mutalisk  
  104  8:02  Overlord, Mutalisk x2  
  106  8:19  Drone x7  
  99  8:31  Mutalisk x3  
  99  8:39  Drone, Baneling Nest  
  99  8:48  Zergling x8  
  99  8:57  Mutalisk x2  
  103  9:03  Drone x4  
  106  9:11  Overseer  
  106  9:13  Zergling x8  
  110  9:27  Drone  
  110  9:28  Drone x4  
  113  9:36  Mutalisk x4  
Show
View Real Time Build Order
Export as new Build Order

LiquidCure Terran - Winner!

Build Orders:  

Get SALT Encoding   

  12  0:00  SCV  
  13  0:12  SCV  
  14  0:17  Supply Depot  
  14  0:24  SCV  
  15  0:39  SCV  
  15  0:40  Barracks  
  16  0:44  Refinery  
  16  0:51  SCV  
  17  0:58  Barracks  
  17  1:03  SCV  
  18  1:15  SCV  
  19  1:27  Orbital Command, Reaper  
  19  1:32  Supply Depot  
  20  1:45  Reaper  
  21  1:53  SCV  
  22  2:04  Reaper  
  22  2:05  SCV  
  24  2:10  Command Center  
  24  2:15  Refinery  
  24  2:17  SCV  
  25  2:29  SCV  
  26  2:42  SCV  
  27  2:46  Factory  
  27  2:51  Barracks Reactor  
  27  2:54  SCV  
  28  2:59  Barracks Tech Lab, Command Center  
  28  3:06  SCV  
  29  3:18  SCV  
  29  3:19  Marine  
  31  3:23  Orbital Command  
  31  3:30  SCV, Starport, Factory Reactor  
  32  3:42  SCV, Stimpack  
  32  3:44  Marine  
  32  3:45  Marine x2  
  36  3:49  SCV  
  36  3:54  SCV  
  38  4:01  SCV  
  39  4:06  SCV  
  39  4:09  Hellion x2  
  44  4:10  Liberator  
  44  4:11  Orbital Command  
  44  4:14  SCV  
  48  4:18  SCV  
  48  4:22  Marine  
  48  4:23  Supply Depot  
  50  4:26  SCV  
  50  4:30  SCV  
  52  4:36  Hellion x2  
  52  4:37  Supply Depot  
  52  4:38  SCV  
  57  4:40  Marine  
  57  4:42  Marine x2  
  57  4:43  SCV  
  57  4:45  SCV  
  62  4:47  Supply Depot  
  62  4:50  SCV  
  63  4:56  SCV  
  63  4:57  SCV  
  63  4:58  Marine  
  66  5:00  Marine x2  
  66  5:02  SCV  
  69  5:08  SCV  
  69  5:09  SCV  
  69  5:10  Supply Depot  
  69  5:11  Refinery x2  
  69  5:12  Factory Tech Lab  
  71  5:14  SCV  
  71  5:17  Marine  
  71  5:18  Marine x2  
  71  5:20  SCV  
  75  5:21  SCV  
  75  5:22  Medivac x2  
  75  5:26  SCV  
  80  5:29  Engineering Bay  
  80  5:30  Engineering Bay  
  80  5:35  Marine  
  81  5:36  Marine x2  
  81  5:40  SCV x3  
  74  5:50  Barracks  
  74  5:53  Marine, Factory Reactor  
  74  5:54  Marine x2  
  77  5:57  Barracks  
  77  5:58  Terran Infantry Weapons Level 1, Terran Infantry Armor Level 1  
  77  6:02  Missile Turret x2  
  77  6:04  Starport Reactor  
  77  6:09  Missile Turret  
  77  6:11  Marine  
  78  6:12  Marine, Barracks  
  78  6:17  SCV x3  
  79  6:23  Marine  
  80  6:28  Marine  
  80  6:29  SCV x2  
  80  6:30  SCV, Marine  
  85  6:33  Hellion x2  
  85  6:36  Supply Depot  
  89  6:41  Marine  
  89  6:44  Armory  
  89  6:45  Medivac  
  89  6:46  Marine  
  93  6:47  Barracks Reactor  
  93  6:52  Supply Depot  
  93  6:54  Supply Depot, Marine  
  93  6:57  Marine x2, Medivac  
  93  6:59  Marine  
  98  7:01  Marine  
  98  7:04  Marine  
  92  7:10  Hellion  
  92  7:11  Hellion  
  92  7:12  Marine  
  92  7:13  SCV x3  
  92  7:15  Marine x2  
  100  7:16  Medivac  
  100  7:17  Marine  
  100  7:21  Supply Depot, Barracks Tech Lab  
  103  7:23  Marine x3  
  103  7:27  Medivac  
  108  7:30  Supply Depot  
  108  7:31  Supply Depot  
  108  7:33  Marine  
  108  7:34  Marine  
  108  7:35  Marine  
  110  7:38  Widow Mine x2  
  110  7:42  Marine x2  
  115  7:45  Supply Depot  
  115  7:46  Supply Depot  
  115  7:47  Supply Depot x2  
  112  7:52  Marine x2  
  112  7:56  Marine  
  114  7:58  Medivac  
  114  7:59  Medivac  
  114  8:00  Marine x2  
  114  8:04  Marine  
  114  8:05  Widow Mine x2  
  123  8:10  Marine x2  
  125  8:14  Marine  
  125  8:18  Marine x2  
  123  8:22  Marine  
  124  8:27  Marine  
  124  8:28  Marine  
  124  8:29  Barracks Tech Lab  
  124  8:35  Marine  
  124  8:36  Marine x2  
  124  8:38  Widow Mine x2  
  124  8:40  Marine  
  132  8:42  SCV x2  
  134  8:49  Marine x3  
  134  8:50  Medivac x2  
  134  8:53  Marine  
  134  8:54  Marine x2  
  143  8:56  SCV x2  
  143  8:57  Orbital Command  
  145  9:03  Missile Turret  
  145  9:04  Factory  
  145  9:08  SCV  
  145  9:09  SCV, Bunker  
  146  9:16  Refinery  
  146  9:18  Marine x4  
  146  9:19  Barracks Reactor x2  
  146  9:21  SCV, Widow Mine x2  
  152  9:29  Missile Turret  
  149  9:33  Marine  
  149  9:36  Marine x3  
  149  9:38  Marine  
Tags
 
Add a new tag
Caveats
  • Supply blocks, unpowered buildings, or Contaminate may cause inaccurate times.
  • Supply counts are checked every 10 seconds.